 Dungeon Crawl Stone Soup version 0.24.0-13-gcf9b319 (webtiles) character file.

Game seed: 6202413093876360257, levelgen mode: deterministic

2726 Fang the Shield-Bearer (level 9, -5/59 HPs)
             Began as a Gargoyle Fighter on Dec 18, 2019.
             Was a Follower of Trog.
             Slain by a two-headed ogre
             ... wielding a +0 giant spiked club
              (6 damage)
             ... on level 8 of the Dungeon.
             The game lasted 00:11:46 (7258 turns).

Fang the Shield-Bearer (Gargoyle Fighter)           Turns: 7258, Time: 00:11:47

Health: -5/59      AC: 21    Str: 23    XL:     9   Next: 67%
Magic:  0/18       EV:  3    Int:  9    God:    Trog [*.....]
Gold:   479        SH: 16    Dex:  9    Spells: 8/8 levels left

rFire    . . .     SeeInvis .   a - +1 war axe
rCold    . . .     Gourm    .   B - +0 large shield
rNeg     + . .     Faith    .   b - +0 plate armour
rPois    ∞         Spirit   +   h - +2 hat
rElec    +         Reflect  .   q - scarf {Spirit}
rCorr    .         Harm     .   (no gloves)
MR       .....                  (no boots)
Stlth    ..........             v - amulet of magic regeneration
HPRegen  0.19/turn              r - ring of magical power
MPRegen  0.41/turn              m - ring of flight

@: berserk cooldown, slowed, very slow
A: negative energy resistance 1, electricity resistance, unbreathing,
petrification resistance, rot immunity, AC +6
a: Berserk, Renounce Religion, Evoke Flight


You were on level 8 of the Dungeon.
You worshipped Trog.
Trog was aware of your devotion.
You were not hungry.

You visited 2 branches of the dungeon, and saw 9 of its levels.
You also visited: Sewer and Bailey.

You collected 479 gold pieces.

Inventory:

Hand Weapons
 a - a +1 war axe (weapon)
Armour
 b - a +0 plate armour (worn)
 h - a +2 hat (worn)
 q - a scarf of spirit shield (worn)
 B - a +0 large shield (worn)
 E - a +2 cloak
Jewellery
 m - a ring of flight (right hand)
 r - a ring of magical power (left hand)
 v - an amulet of magic regeneration (around neck)
Wands
 w - a wand of random effects (19)
 x - a wand of enslavement (9)
 A - a wand of scattershot (7)
Scrolls
 i - 3 scrolls of teleportation
 j - 3 scrolls of enchant armour
 k - a scroll of enchant weapon
 o - 2 scrolls of blinking
 t - a scroll of identify
 u - a scroll of magic mapping
 y - 3 scrolls of fear
 D - 2 scrolls of remove curse
Potions
 d - 3 potions of might
 e - a potion of degeneration {unknown}
 f - a potion of flight {unknown}
 g - 3 potions of mutation {unknown}
 l - 2 potions of haste
 n - 5 potions of curing
 p - a potion of invisibility {unknown}
 s - 2 potions of heal wounds
 z - 2 potions of agility {unknown}
 C - a potion of berserk rage {unknown}
Comestibles
 c - 16 rations
 F - 2 chunks of flesh


   Skills:
 + Level 7.8 Fighting
 + Level 6.1 Axes
 + Level 7.8 Armour
 + Level 7.9 Shields


You had 8 spell levels left.
You didn't know any spells.
Your spell library contained the following spells:

 Spells                   Type           Power        Failure   Level  Hunger
 Corona                   Hex            #......      100%        1    ##.....
 Ensorcelled Hibernation  Hex/Ice        #.....       100%        2    ###....
 Confuse                  Hex            #.......     100%        3    ####...
 Dazzling Spray           Conj/Hex       #.....       100%        3    ####...
 Tukima's Dance           Hex            #.......     100%        3    ####...


Dungeon Overview and Level Annotations

Branches:
Dungeon (8/15)             Temple (1/1) D:7           Sewer (visited)
 Bailey (visited)
   Lair: D:8-11

Altars:
Cheibriados
Dithmenos
Fedhas
Okawaru
Qazlal
Trog
Wu Jian
Beogh

Shops:
D:6 :

Annotations:
D:5 exclusion: oklob plant
D:6 3 runed translucent doors, Vierinsky's ghost, novice HOFi


Innate Abilities, Weirdness & Mutations

You are resistant to torment.
Your stone body is resilient. (AC +6)
You are immune to poison.
You resist negative energy. (rN+)
You are resistant to electric shocks. (rElec)
You can survive without breathing.
You are immune to petrification.
You are immune to rotting.


Message History

The orc warrior hits you but does no damage.
You block the two-headed ogre's attack. x2
You barely miss the two-headed ogre.
The two-headed ogre is heavily wounded.
You closely miss the orc warrior.
The orc warrior hits you with a +0 battleaxe.
* * * LOW HITPOINT WARNING * * *
You slice the two-headed ogre!!
The two-headed ogre is almost dead.
You slash the orc warrior! The two-headed ogre closely misses you.
The two-headed ogre hits you with a +0 giant club!
* * * LOW HITPOINT WARNING * * *
You block the orc warrior's attack. You block the orc warrior's attack.
You feel a strong urge to attack something.
You are no longer berserk.
You are exhausted.
You feel as though you will be slow longer.
The two-headed ogre hits you with a +0 giant spiked club!
You die...

#.... #...# #...# #...#
#...# #...# # #.†)#
..?.#.oO#######
######### #...).@.....#
#........
#.#########'###........
# ##.....#........
#................
#................
#................
+................
.###................
...............#####


You could see a two-headed ogre and an orc warrior.

Vanquished Creatures
  Joseph (D:7)
  Sigmund (D:5)
  A water moccasin (D:6)
  2 orc warriors
  A sky beast (D:5)
  An ice beast (D:7)
  2 ogres
  2 centaurs (D:5)
  Blork the orc (D:5)
  A gnoll sergeant (D:6)
  2 bullfrogs
  A howler monkey (D:6)
  3 crimson imps (D:6)
  7 orc priests
  2 hounds (D:5)
  A jelly (D:7)
  A bullfrog skeleton (D:7)
  2 centaur skeletons
  5 iguanas
  5 orc wizards
  6 worker ants
  3 adders
  3 gnolls (D:6)
  7 river rats (Sewer)
  A shadow imp (D:6)
  2 worms (D:3)
  2 dart slugs
  10 leopard geckos
  31 orcs
  7 ball pythons
  10 giant cockroaches
  4 goblins
  3 hobgoblins (D:3)
  A quokka (D:3)
  6 bats
  12 frilled lizards
  A giant cockroach zombie (D:6)
  A jackal skeleton (D:5)
  9 kobolds
  19 rats
180 creatures vanquished.

Notes
Turn   | Place    | Note
-------+----------+-------------------------------------------
     0 | D:1      | Fang the Gargoyle Fighter began the quest for the Orb.
     0 | D:1      | Reached XP level 1. HP: 14/14 MP: 1/1
   164 | D:1      | Reached XP level 2. HP: 19/19 MP: 2/2
   280 | D:1      | You fall into a shaft and drop 1 floor!
   540 | D:2      | Found a stormy altar of Qazlal.
   541 | D:2      | Found an ornate altar of the Wu Jian Council.
  1546 | D:1      | Reached XP level 3. HP: 23/23 MP: 3/3
  2034 | D:3      | Reached XP level 4. HP: 24/29 MP: 4/4
  2204 | D:3      | Reached XP level 5. HP: 27/33 MP: 5/5
  3086 | D:4      | Reached XP level 6. HP: 39/39 MP: 6/6
  3398 | D:4      | Found a bloodstained altar of Trog.
  3518 | D:4      | Found a glowing drain.
  3541 | Sewer    | Entered a sewer
  3741 | Sewer    | Reached skill level 5 in Shields
  4014 | D:4      | Became a worshipper of Trog the Wrathful
  4031 | D:5      | Entered Level 5 of the Dungeon
  4034 | D:5      | Reached skill level 5 in Armour
  4040 | D:5      | Noticed a sky beast
  4041 | D:5      | Reached skill level 5 in Fighting
  4041 | D:5      | Reached XP level 7. HP: 28/44 MP: 7/7
  4109 | D:5      | Noticed Sigmund
  4140 | D:5      | Killed Sigmund
  4481 | D:5      | Reached XP level 8. HP: 41/51 MP: 8/8
  4607 | D:5      | Noticed Blork the orc
  4623 | D:5      | Killed Blork the orc
  4637 | D:5      | Found an iron altar of Okawaru.
  4824 | D:5      | Found a blossoming altar of Fedhas.
  4854 | D:5      | Noticed an oklob plant
  5070 | D:6      | Reached * piety under Trog
  5290 | D:6      | Reached skill level 5 in Axes
  5712 | D:6      | Reached XP level 9. HP: 55/56 MP: 9/9
  5842 | D:6      | Found Tienk's Book Emporium.
  5993 | D:6      | Found a shadowy altar of Dithmenos.
  6129 | D:6      | Found a runed translucent gate.
  6130 | D:6      | Found a runed translucent gate.
  6130 | D:6      | Noticed Vierinsky's ghost (novice HOFi)
  6131 | D:6      | Found a runed translucent gate.
  6137 | D:6      | Found a roughly hewn altar of Beogh.
  6180 | D:7      | Noticed Joseph
  6336 | D:7      | Killed Joseph
  6402 | D:7      | Found a flagged portal.
  6492 | Bailey   | Entered a bailey
  6646 | D:7      | Found a snail-covered altar of Cheibriados.
  6992 | D:7      | Found a staircase to the Ecumenical Temple.
  7002 | Temple   | Entered the Ecumenical Temple
  7245 | D:8      | Noticed a two-headed ogre
  7256 | D:8      | HP: 1/88 [two-headed ogre/+0 giant spiked club (10)]
  7258 | D:8      | Slain by a two-headed ogre

Levels and vault maps discovered:
D:1:      lightli_arrival_farm, layout_basic, st_stairs_7
D:2:      layout_basic, gammafunk_temple_overflow_statue, first_ration,
          kennysheep_cross_room
D:3:      layout_loops_corners, kennysheep_generic_room_10
D:4:      layout_cave_pools, gup_sewer_entry_pipe, trog_book
D:5:      layout_basic, tgw_fedhas, basic_altar, uniq_sigmund,
          uniq_blork_the_orc
D:6:      layout_basic, basic_altar, serial_shops, nicolae_shop_trees,
          biasface_ghost_orc_armoury
D:7:      layout_loops_ring, lemuel_round_altar, minmay_temple_entry_mist,
          enter_bailey_1, uniq_joseph
D:8:      layout_basic, david_nohive_1, guppyfry_early_elven_hall
Temple:   hc_temple_tempest_star

Skill      XL: |  1  2  3  4  5  6  7  8  9 |
---------------+----------------------------+-----
Axes           | 2 3 4 5 6 |  6.1
Fighting       | 4 5 6 7 |  7.8
Shields        | 4 5 7 |  7.9
Armour         | 4 5 6 7 |  7.8

Action                   |  1- 3 |  4- 6 |  7- 9 || total
-------------------------+-------+-------+-------++-------
Melee: War axe           |   105 |   318 |   271 ||   694
Invok: Berserk           |       |       |     2 ||     2
  Use: Scroll            |       |       |    15 ||    15
  Eat: Ration            |     1 |       |     1 ||     2
       Chunk             |       |     8 |     9 ||    17
Armor: Scale mail        |    73 |   196 |    60 ||   329
       Chain mail        |       |       |    80 ||    80
       Plate armour      |       |       |    16 ||    16
Dodge: Dodged            |    44 |    54 |    43 ||   141
Block: Shield            |    49 |       |       ||    49
       Large shield      |    13 |   279 |   274 ||   566
